 Dungeon Crawl Stone Soup version 0.27-a0-1317-gd1140b374c (webtiles) character file.

Game seed: 11585586133608505136

127 27snakeeyes612 the Covered (level 5, 0/33 HPs)
             Began as a Gargoyle Fighter on June 21, 2021.
             Slain by an orc wizard (2 damage)
             ... on level 3 of the Dungeon.
             The game lasted 00:02:13 (2757 turns).

27snakeeyes612 the Covered (Gargoyle Fighter)       Turns: 2757, Time: 00:02:14

Health: 0/33       AC: 14    Str: 21    XL:     5   Next: 11%
Magic:  5/5        EV:  5    Int:  8    God:
Gold:   84         SH:  9    Dex:  9    Spells: 4/4 levels left

rFire    . . .     SeeInvis .   a - +0 war axe
rCold    . . .     Faith    .   c - +0 kite shield
rNeg     + . .     Spirit   .   p - +0 chain mail
rPois    ∞         Reflect  .   j - +0 helmet
rElec    +         Harm     .   (no cloak)
rCorr    .         Rampage  .   (no gloves)
Will     .....                  (no boots)
Stlth    ..........             (no amulet)
HPRegen  0.11/turn              (no ring)
MPRegen  0.09/turn              (no ring)

@: no status effects
A: sickness immunity, AC +4, negative energy resistance 1, electricity
resistance, torment resistance 1, petrification resistance
a: no special abilities


You were on level 3 of the Dungeon.
You visited 1 branch of the dungeon, and saw 3 of its levels.

You collected 134 gold pieces.
You spent 50 gold pieces at shops.

Inventory:

Hand Weapons
 a - a +0 war axe (weapon)
Missiles
 l - 2 boomerangs of dispersal (quivered)
 o - a throwing net
Armour
 b - a +0 scale mail
 c - a +0 kite shield (worn)
 j - a +0 helmet (worn)
 p - a +0 chain mail (worn)
Jewellery
 e - a +6 ring of intelligence
 g - a ring of magical power
 q - a ring of fire
 u - a +6 ring of intelligence
Scrolls
 f - a scroll of noise {unknown}
 h - 2 scrolls of fear {unknown}
 m - 2 scrolls of teleportation {unknown}
 s - 2 scrolls of identify {unknown}
Potions
 d - 2 potions of might
 i - a potion of ambrosia {unknown}
 k - 2 potions of lignification {unknown}
 n - a potion of heal wounds
 r - a potion of curing {unknown}
 t - a potion of haste {unknown}


   Skills:
 + Level 3.9 Fighting
 + Level 2.8 Axes
 + Level 4.1 Armour
 + Level 0.9 Dodging
 + Level 0.1 Stealth
 + Level 4.0 Shields


You had 4 spell levels left.
You didn't know any spells.
Your spell library was empty.

Dungeon Overview and Level Annotations

Branches:
Dungeon (3/15)

Altars:

Shops:
D:2 *:![:


Innate Abilities, Weirdness & Mutations

You are immune to sickness and miasma.
Your stone body is resilient. (AC +4)
You are immune to poison.
You resist negative energy. (rN+)
You are resistant to electric shocks. (rElec)
You are resistant to unholy torment.
You are immune to petrification.


Message History

You kill the orc!
Something hits you but does no damage. The orc hits you but does no damage.
You hear some strange, mumbled words.
A magic dart appears from out of thin air!
The magic dart hits you. The orc hits you but does no damage.
You hit something but do no damage. You hit the orc.
Something hits you but does no damage. You block the orc's attack.
Something hits you.
You closely miss something. You closely miss the orc.
The orc hits you with a +0 short sword. You block something's attack.
The orc hits you but does no damage.
You hit something. You closely miss the orc. Something completely misses you.
The orc hits you with a +0 short sword. Something hits you but does no damage.
You barely miss something. You barely miss the orc.
The orc hits you with a +0 short sword.
* * * LOW HITPOINT WARNING * * *
Something hits you but does no damage. The orc hits you but does no damage.
You closely miss something. You hit the orc but do no damage.
You block something's attack. The orc hits you but does no damage.
Something hits you but does no damage. The orc hits you with a +0 short sword.
* * * LOW HITPOINT WARNING * * *
You barely miss something. You hit the orc.
You kill the orc!
You block something's attack.
You closely miss something. Something hits you.
* * * LOW HITPOINT WARNING * * *
You hear some strange, mumbled words.
A puff of flame appears from out of thin air!
The puff of flame hits you but does no damage.
You slash something! Something hits you.
* * * LOW HITPOINT WARNING * * *
Something hits you but does no damage.
You hit something but do no damage. You block something's attack.
You completely miss something. Something hits you but does no damage.
Something hits you.
* * * LOW HITPOINT WARNING * * *
You closely miss something. Something hits you but does no damage.
You miss something.
Something hits you but does no damage. x2
You completely miss something. Something hits you.
You die...

############
#..........#
#..........#
#...[......#
#.......{@.#
#.....)))).#
#..........#
#..........#
#..........#
##.....#####
#.....# ###########
#.....# #.........#
#.....###.###.....#


There were no monsters in sight!

Vanquished Creatures
  A hound skeleton (D:3)
  3 gnolls (D:2)
  3 adders
  2 dart slugs
  5 orcs (D:3)
  3 endoplasms
  A giant cockroach (D:1)
  8 goblins
  4 hobgoblins
  A quokka (D:2)
  3 ball pythons
  7 bats
  3 frilled lizards
  3 kobolds
  6 rats
53 creatures vanquished.

Notes
Turn   | Place    | Note
-------+----------+-------------------------------------------
     0 | D:1      | 27snakeeyes612 the Gargoyle Fighter began the quest for the
                  | Orb.
     0 | D:1      | Reached XP level 1. HP: 14/14 MP: 1/1
   178 | D:1      | Found a faded altar of an unknown god.
   272 | D:1      | Reached XP level 2. HP: 16/19 MP: 2/2
   903 | D:2      | Found Dekotwee's Book Shop.
  1083 | D:2      | Reached XP level 3. HP: 16/24 MP: 3/3
  1256 | D:2      | Found Mienaestu's Book Shop.
  1299 | D:2      | Found Elodghack's Distillery.
  1334 | D:2      | Found Kelam's Armour Shoppe.
  1363 | D:2      | Bought a potion of heal wounds for 50 gold pieces
  1480 | D:2      | Reached XP level 4. HP: 10/29 MP: 4/4
  1483 | D:2      | HP: 1/29 [gnoll (4)]
  1853 | D:2      | Found Cuwnalliorgh's Assorted Antiques.
  2624 | D:3      | Reached XP level 5. HP: 29/33 MP: 5/5
  2754 | D:3      | HP: 1/33 [something (3)]
  2757 | D:3      | Slain by an orc wizard

Illustrated notes

Levels and vault maps discovered:
D:1:      dpeg_arrival_chambers_temple_mockup, layout_loops_cross,
          chequers_ecumenical_altar_simple, chequers_hall_statues_wall_a
D:2:      layout_basic, serial_shops, nicolae_shop_stone, shop,
          nicolae_square_shop, nicolae_shop_statue_plus, nicolae_square_shop
D:3:      layout_basic, nicolae_wu_jian_immortal_techniques,
          minmay_misc_feat_tiny, grunt_ministairs_1

Skill      XL: |  1  2  3  4 |
---------------+-------------+-----
Axes           | 2 |  2.8
Shields        | 4 |  4.0
Armour         | 4 |  4.1
Fighting       | |  3.9
Dodging        | |  0.9
Stealth        | |  0.1

Action                   |  1- 3 |  4- 6 || total
-------------------------+-------+-------++-------
Melee: War axe           |    89 |    78 ||   167
Armor: Scale mail        |    55 |     7 ||    62
       Chain mail        |       |    77 ||    77
Dodge: Dodged            |    46 |    17 ||    63
Block: Kite shield       |    51 |    47 ||    98

Table legend: (Time is in decaauts)
 A = Elapsed time spent in this place.
 B = Non-inter-level travel time spent in this place.
 C = Inter-level travel time spent in this place.
 D = Time resting spent in this place.
 E = Time spent auto-exploring this place.
 F = Levels seen in this place.
 G = Mean time per level.
                   A        B        C        D        E       F      G
               +--------+--------+--------+--------+--------+-----+--------+
         Total |   2860 |   2811 |     49 |    158 |   2199 |   3 |  953.3 |
       Dungeon |   2860 |   2811 |     49 |    158 |   2199 |   3 |  953.3 |
               +--------+--------+--------+--------+--------+-----+--------+

Top non-repeatable levels by time:
     D:2: 1571 daAuts
     D:1: 826 daAuts
     D:3: 462 daAuts
